 Dungeon Crawl Stone Soup version 0.26.1-11-gd32895ea62 (webtiles) character file.

Game seed: 12001648683146185311

4239 promet the Skirmisher (level 10, -3/77 HPs)
             Began as a Vampire Fighter on June 1, 2021.
             Was a Priest of Wu Jian.
             Slain by a death yak (20 damage)
             ... on level 7 of the Dungeon.
             The game lasted 01:05:15 (9910 turns).

promet the Skirmisher (Vampire Fighter)             Turns: 9910, Time: 01:05:15

Health: -3/77      AC: 12    Str: 15    XL:     10   Next: 9%
Magic:  10/10      EV:  9    Int: 12    God:    Wu Jian [***...]
Gold:   432        SH:  9    Dex: 16    Spells: 8/9 levels left

rFire    + . .     SeeInvis +   L - +5 short sword
rCold    . . .     Faith    .   c - +0 kite shield
rNeg     . . .     Spirit   .   u - +0 scale mail
rPois    .         Reflect  .   p - +1 helmet
rElec    .         Harm     .   y - scarf {+Inv}
rCorr    .         Rampage  .   (no gloves)
Will     +....                  A - +1 pair of boots
Stlth    +.........             (no amulet)
HPRegen  0.42/turn              n - ring of protection from fire
MPRegen  0.12/turn              (no ring)

@: regenerating quickly, hasted, very quick
A: fangs 3, see invisible, unbreathing
a: Exsanguinate, Renounce Religion, Evoke Invisibility, Wall Jump, Serpent's
Lash


You were on level 7 of the Dungeon.
You worshipped Wu Jian.
Wu Jian was most pleased with you.
You visited 1 branch of the dungeon, and saw 8 of its levels.

You collected 477 gold pieces.
You spent 45 gold pieces at shops.

Inventory:

Hand Weapons
 a - a +3 short sword
 b - the +10 hunting sling of the Twisting Ancients {venom, Stlth+}
   (You found it on level 7 of the Dungeon)

   It poisons the ammo it fires.
   It makes you more stealthy.
 t - a +3 spear
 H - a +0 dire flail
 I - a +0 war axe
 J - a +1 long sword
 L - a +5 short sword (weapon)
 M - a +0 arbalest
 N - a +1 short sword of speed
Missiles
 f - 255 stones
 g - 68 bolts
 i - 10 boomerangs
 l - 10 javelins (quivered)
 w - 132 arrows
 C - 12 poisoned darts
 K - 2 throwing nets
 O - 4 sling bullets
Armour
 c - a +0 kite shield (worn)
 o - a +2 cloak
 p - a +1 helmet (worn)
 u - a +0 scale mail (worn)
 y - a scarf of invisibility (worn)
 A - a +1 pair of boots (worn)
Magical Staves
 B - an uncursed staff of air
Jewellery
 n - a ring of protection from fire (left hand)
 s - an uncursed ring of resist corrosion
 E - an uncursed ring of flight
 G - an uncursed ring of ice
Wands
 d - a wand of enslavement (5)
 z - a wand of flame (24)
 P - a wand of disintegration (13)
Scrolls
 q - 2 scrolls of fog
 x - 2 scrolls of fear
 D - a scroll of magic mapping
Potions
 e - 4 potions of curing
 h - a potion of haste
 j - 2 potions of attraction
 k - 2 potions of brilliance
 m - 3 potions of lignification
 F - a potion of berserk rage


   Skills:
 * Level 6.7 Fighting
 + Level 5.2(6.9) Short Blades
 + Level 6.3(7.1) Long Blades
 + Level 1.9(2.3) Slings
 + Level 2.7 Crossbows
 + Level 1.9(2.3) Throwing
 + Level 5.9 Armour
 + Level 4.1 Dodging
 + Level 2.5 Stealth
 + Level 4.7 Shields


You had 8 spell levels left.
You knew the following spells:

 Your Spells              Type           Power        Failure   Level
a - Animate Skeleton      Necr           0%           99%         1

Your spell library contained the following spells:

 Spells                   Type           Power        Failure   Level
 Apportation              Tloc           0%           99%         1
 Corona                   Hex            0%           99%         1
 Summon Small Mammal      Summ           0%           99%         1


Dungeon Overview and Level Annotations

Branches:
Dungeon (8/15)             Temple (0/1) D:6
   Lair: D:8-11

Altars:
Ashenzari
Cheibriados
Dithmenos
Elyvilon
Fedhas
Gozag
Okawaru
Qazlal
Ru
Trog
Vehumet
Wu Jian
The Shining One

Shops:
D:4 [


Innate Abilities, Weirdness & Mutations

Your natural rate of healing is unusually fast.
You have razor-sharp teeth.
You have supernaturally acute eyesight. (SInv)
You can survive without breathing.


Message History

The death yak gores you!
You puncture the death yak!
The death yak is severely wounded.
The death yak gores you but does no damage.
You hit the death yak.
You bite the death yak, but do no damage.
The death yak is severely wounded.
The death yak gores you but does no damage.
You hit the death yak but do no damage.
You bite the death yak, but do no damage.
The death yak is severely wounded.
The death yak gores you!
* * * LOW HITPOINT WARNING * * *
You feel yourself speed up. You block the death yak's attack.
Your shield and scale mail prevent you from hitting the death yak.
The death yak is severely wounded.
You barely miss the death yak.
The death yak is severely wounded.
The death yak gores you!!
You die...

#......#...).##....#...........
#######..###...##....##+.#####.##
#..#)###'###...##..............#
#....'..........#........)..####
#....#..........#...........#
#....#..Y......####+#########
#....#.........##....###...##
#....#................#.....#
#....#...((.(.(Y@.....#.....#
##...##.####...##.....'.....#
##...##.####+####.....#)....#
.........#............#.....#
........>#.....##...####.#..#
...>.....#.)[..##...####.####
..Y......#<...............#
##...##.####...##.........#
##...##.####...##.........#


You could see a death yak (very poisoned).

Vanquished Creatures
  Grinder (D:5)
  8 yaks (D:8)
  A wraith (D:7)
  An orc warrior (D:6)
  2 black bears (D:8)
  A phantom (D:8)
  A sky beast (D:8)
  A necrophage (D:7)
  3 ogres
  A centaur (D:7)
  A big kobold (D:7)
  3 bullfrogs
  2 scorpions
  3 killer bees (D:8)
  A howler monkey (D:4)
  6 wights
  An electric eel (D:8)
  A hound (D:8)
  2 jellies
  A bullfrog skeleton (D:8)
  6 orc priests
  Jessica (D:2)
  Terence (D:2)
  9 orc wizards
  An iguana (D:6)
  5 worker ants
  A hound zombie (D:5)
  9 gnolls
  7 adders
  A shadow imp (D:6)
  2 oozes
  2 adder zombies
  2 adder skeletons
  4 worms
  3 dart slugs
  2 leopard geckos
  34 orcs
  6 bats
  5 giant cockroaches
  9 goblins
  5 hobgoblins
  8 jackals
  2 quokkas (D:3)
  A ball python (D:7)
  9 frilled lizards
  9 kobolds
  6 rats
191 creatures vanquished.

Notes
Turn   | Place    | Note
-------+----------+-------------------------------------------
     0 | D:1      | promet the Vampire Fighter began the quest for the Orb.
     0 | D:1      | Reached XP level 1. HP: 17/17 MP: 1/1
   181 | D:1      | Reached XP level 2. HP: 24/24 MP: 2/2
   751 | D:1      | Reached XP level 3. HP: 29/29 MP: 3/3
   966 | D:2      | Noticed Jessica
   975 | D:2      | Killed Jessica
  1045 | D:2      | Reached XP level 4. HP: 22/35 MP: 4/4
  1242 | D:2      | Noticed Terence
  1250 | D:2      | Killed Terence
  1251 | D:2      | Reached skill level 1 in Dodging
  1653 | D:2      | Found a blossoming altar of Fedhas.
  1685 | D:2      | Found an opulent altar of Gozag.
  1964 | D:2      | Found an iron altar of Okawaru.
  2111 | D:3      | Reached XP level 5. HP: 41/41 MP: 5/5
  2416 | D:3      | Found an ornate altar of the Wu Jian Council.
  2444 | D:3      | Became a worshipper of the Wu Jian Council
  2709 | D:3      | Reached XP level 6. HP: 40/48 MP: 6/6
  3089 | D:3      | Reached * piety under Wu Jian
  3387 | D:4      | Reached skill level 1 in Stealth
  3784 | D:3      | Reached XP level 7. HP: 17/54 MP: 7/7
  4013 | D:4      | Found Kaejuihu's Armour Emporium.
  4234 | D:4      | Bought a cursed +0 pair of boots for 45 gold pieces
  4301 | D:4      | Found a shadowy altar of Dithmenos.
  4338 | D:5      | Entered Level 5 of the Dungeon
  4741 | D:5      | Found a bloodstained altar of Trog.
  5272 | D:5      | Reached skill level 5 in Long Blades
  5508 | D:6      | Noticed Grinder
  5517 | D:5      | Reached ** piety under Wu Jian
  5615 | D:6      | Paralysed by Grinder for 5 turns
  5626 | D:6      | Paralysed by Grinder for 6 turns
  5643 | D:5      | Killed Grinder
  5644 | D:5      | Reached skill level 1 in Crossbows
  5644 | D:5      | Reached skill level 1 in Throwing
  5644 | D:5      | Reached XP level 8. HP: 18/61 MP: 8/8
  5937 | D:6      | Reached skill level 5 in Fighting
  5975 | D:6      | Found a staircase to the Ecumenical Temple.
  6652 | D:6      | Found a snail-covered altar of Cheibriados.
  6805 | D:6      | Found a stormy altar of Qazlal.
  6931 | D:7      | Found a broken altar of Ashenzari.
  6956 | D:7      | Reached skill level 1 in Short Blades
  7019 | D:7      | Found a sacrificial altar of Ru.
  7140 | D:7      | Learned a level 1 spell: Animate Skeleton
  7469 | D:7      | Reached XP level 9. HP: 37/69 MP: 9/9
  7541 | D:7      | Found a radiant altar of Vehumet.
  7697 | D:7      | Identified the +10 hunting sling of the Twisting Ancients
                  | {venom, Stlth+} (You found it on level 7 of the Dungeon)
  7994 | D:8      | Reached skill level 5 in Armour
  8031 | D:8      | Found a white marble altar of Elyvilon.
  8311 | D:8      | Found a glowing golden altar of the Shining One.
  8552 | D:8      | Reached *** piety under Wu Jian
  9009 | D:8      | Reached skill level 1 in Slings
  9479 | D:8      | Reached skill level 5 in Short Blades
  9492 | D:8      | Reached XP level 10. HP: 70/77 MP: 10/10
  9669 | D:8      | Noticed a death yak
  9910 | D:7      | Slain by a death yak

Illustrated notes

Levels and vault maps discovered:
D:1:      dpeg_arrival_solitude, layout_basic
D:2:      layout_basic, okawaru_trees_2, old_standard_altar,
          grunt_gozag_statues, uniq_jessica, uniq_terence
D:3:      layout_loops_ring, nzn_wu_jian_contemplation
D:4:      layout_rooms, lemuel_doored_altar, serial_shops, shop_statue,
          serial_bayou_pond_d
D:5:      layout_basic, nicolae_overflow_crystal_walls
D:6:      layout_basic, cheibrodos_worm_habitat, lemuel_coloured_pillars_altar,
          minmay_temple_entry_glass, uniq_grinder
D:7:      layout_gridville, kennysheep_little_box, old_standard_altar,
          overflow_temple_1_default
D:8:      argonaut_augean_stables, layout_basic, nicolae_tso_carved_into_rock,
          elyvilon_altar_1

Skill      XL: |  1  2  3  4  5  6  7  8  9 |
---------------+----------------------------+-----
Fighting       | 3 4 5 6 |  6.7
Shields        | 3 4 |  4.7
Dodging        | 1 2 4 |  4.1
Long Blades    | 3 4 5 6 |  6.3
Armour         | 3 4 5 |  5.9
Stealth        | 1 2 |  2.5
Crossbows      | 1 2 |  2.7
Throwing       | 1 |  1.9
Short Blades   | 2 5 |  5.2
Slings         | 1 |  1.9

Action                   |  1- 3 |  4- 6 |  7- 9 | 10-12 || total
-------------------------+-------+-------+-------+-------++-------
Melee: Long sword        |   100 |   238 |   196 |       ||   534
       Bite              |    20 |    24 |    64 |     9 ||   117
       Short sword       |       |       |   273 |    31 ||   304
       Arbalest          |       |       |     3 |       ||     3
       War axe           |       |       |     5 |       ||     5
 Fire: Arbalest          |       |    10 |    40 |       ||    50
       Hunting sling     |       |       |    28 |     9 ||    37
Throw: Javelin           |       |     4 |     9 |       ||    13
       Boomerang         |       |     4 |    25 |       ||    29
       Stone             |       |     1 |       |       ||     1
Invok: Lunge             |       |     4 |     8 |       ||    12
       Whirlwind         |       |       |    24 |       ||    24
       Serpent's Lash    |       |       |       |     1 ||     1
 Abil: Wall Jump         |       |       |    22 |       ||    22
Evoke: Wand              |       |       |       |     1 ||     1
  Use: Scroll            |     4 |     8 |    13 |     1 ||    26
       Potion            |       |     5 |     3 |     1 ||     9
 Stab: Invisible         |       |       |     4 |       ||     4
Armor: Scale mail        |    44 |    98 |   199 |     3 ||   344
Dodge: Dodged            |    22 |    68 |   197 |     3 ||   290
Block: Kite shield       |    31 |    86 |    65 |    10 ||   192
       Rpst.: Long sword |    10 |    16 |    32 |       ||    58
